 Dungeon Crawl Stone Soup version 0.18.1-47-g9310371 (webtiles) character file.

1480 Gargoyl the Covered (level 8, 0/63 HPs)
             Began as a Demonspawn Abyssal Knight on June 13, 2016.
             Was an Elder of Lugonu.
             Succumbed to a worker ant's poison
             ... on level 6 of the Dungeon.
             The game lasted 00:20:39 (7197 turns).

Gargoyl the Covered (Demonspawn Abyssal Knight)     Turns: 7197, Time: 00:20:40

Health: 0/63       AC: 21    Str: 16    XL:     8   Next: 50%
Magic:  9/9        EV:  6    Int: 13    God:    Lugonu [****..]
Gold:   215        SH:  0    Dex: 13    Spells: 0 memorised, 7 levels left

rFire  . . .     SeeInvis .     g - +0 war axe
rCold  + . .     Gourm    .     y - +0 plate armour
rNeg   + . .     Faith    .     (no shield)
rPois  .         Spirit   .     u - +0 helmet
rElec  .         Dismiss  .     f - +0 cloak
rCorr  .         Reflect  .     (no gloves)
SustAt .         Harm     .     d - +0 pair of boots
MR     .....                    o - amulet of magic regeneration
Stlth  ..........               s - +2 ring of strength
                                j - ring of positive energy

@: lethally poisoned (0 -> -1), not resistant to hostile enchantments, extremely
unstealthy
A: talons 1, rough black scales 1, cold resistance 1, powered by pain 1
a: Depart the Abyss, Bend Space, Banish, Corrupt, Renounce Religion


You were on level 6 of the Dungeon.
You worshipped Lugonu.
Lugonu was greatly pleased with you.
You were not hungry.

You visited 1 branch of the dungeon, and saw 7 of its levels.
You visited the Abyss 1 time.

You collected 215 gold pieces.

Inventory:

Hand Weapons
 g - a +0 war axe (weapon)
Missiles
 b - 8 tomahawks (quivered)
Armour
 d - a +0 pair of boots (worn)
 f - a +0 cloak (worn)
 u - a +0 helmet (worn)
 y - a +0 plate armour (worn)
Jewellery
 j - a ring of positive energy (left hand)
 o - an amulet of magic regeneration (around neck)
 s - a +2 ring of strength (right hand)
Wands
 v - a wand of lightning (7/15)
Scrolls
 a - 3 scrolls of random uselessness {unknown}
 e - 3 scrolls of immolation {unknown}
 h - a scroll of recharging {unknown}
 k - 4 scrolls of enchant weapon {unknown}
 l - a scroll of blinking {unknown}
 n - 5 scrolls of identify {unknown}
 p - 4 scrolls of teleportation {unknown}
 q - a scroll of noise {unknown}
 r - a scroll of remove curse {unknown}
 z - a scroll of magic mapping
Potions
 m - a potion of flight
Comestibles
 c - 2 bread rations
 i - a beef jerky
 t - a slice of pizza
 w - a meat ration
 x - 2 fruits


   Skills:
 + Level 5.4 Fighting
 + Level 4.3 Axes
 * Level 6.9 Armour
 + Level 3.3 Dodging
 + Level 1.3 Stealth
 + Level 2.6 Invocations


You had 7 spell levels left.
You didn't know any spells.

Dungeon Overview and Level Annotations

Branches:
Dungeon (7/15)
 Temple: D:4-7

Altars:
Ashenzari
Elyvilon
Nemelex Xobeh
Pakellas
Vehumet

Annotations:
D:6 schammes's ghost, novice GrFi


Innate Abilities, Weirdness & Mutations

You have sharp toenails.
You are partially covered in rough black scales (AC +4, Dex -1).
Your flesh is cold resistant.
You sometimes gain a little power by taking damage.


Message History

The worker ant is severely wounded.
You feel sick. The worker ant bites you. The worker ant barely misses you.
You hit the worker ant but do no damage.
The worker ant is severely wounded.
The worker ant bites you but does no damage.
You closely miss the worker ant.
The worker ant is severely wounded.
You hit the ogre but do no damage.
You feel sick. The worker ant bites you. The ogre barely misses you.
The worker ant bites you but does no damage.
You slash the worker ant!
You kill the worker ant!
Lugonu accepts your kill.
Your plate armour prevents you from hitting the ogre.
The ogre hits you with a giant spiked club!
You hit the ogre but do no damage.
The ogre hits you with a giant spiked club!!
* * * LOW HITPOINT WARNING * * *
You barely miss the ogre.
You die...

.<..........
...
............##.
...#
..............#
....
..>...........#
....
...............
....
.....#.......##
....
......O†.......
....
###..@.....#
....
#..........#
....
#.##.......#
.... #
#.>....## ....
#.#...## ....
... #..# ####
...$. .).#
#.....# #..#
#..... ..#


You could see an ogre.

Vanquished Creatures
  2 ice beasts
  A centaur (D:7)
  2 ogres
  A gnoll sergeant (D:5)
  Blork the orc (D:6)
  A giant frog (D:7)
  2 scorpions
  A howler monkey (D:6)
  A giant frog zombie (D:7)
  A hound (D:6)
  Crazy Yiuf (D:3)
  An orc priest (D:7)
  4 orc wizards
  A giant frog skeleton (D:4)
  An iguana (D:7)
  Jessica (D:3)
  4 worker ants
  A killer bee zombie (D:7)
  Robin (D:2)
  6 adders
  6 gnolls
  A river rat (D:4)
  2 oozes
  2 worms
  4 dart slugs
  3 giant geckos
  22 orcs
  4 ball pythons
  4 giant cockroaches
  15 goblins
  13 hobgoblins
  3 jackals (D:1)
  A kobold (D:2)
  2 quokkas
  4 bats
  2 giant gecko skeletons (D:4)
  A giant newt (D:1)
  15 rats
138 creatures vanquished.

Vanquished Creatures (others)
  A boulder beetle (D:3)
  A giant cockroach (D:1)
  A goblin (D:1)
3 creatures vanquished.

Grand Total: 141 creatures vanquished

Notes
Turn   | Place    | Note
--------------------------------------------------------------
     0 | Abyss:1  | Gargoyl the Demonspawn Abyssal Knight began the quest for the Orb.
     0 | Abyss:1  | Reached XP level 1. HP: 18/18 MP: 2/2
    83 | Abyss:1  | Noticed a smoke demon
    83 | D:1      | Escaped the Abyss
   385 | D:1      | Gained mutation: You are partially covered in rough black scales (AC +4, Dex -1). [demonic ancestry]
   385 | D:1      | Reached XP level 2. HP: 24/24 MP: 3/3
   672 | D:1      | Reached * piety under Lugonu
   923 | D:2      | Reached skill level 1 in Dodging
   938 | D:2      | Reached skill level 2 in Armour
   938 | D:2      | Reached XP level 3. HP: 28/30 MP: 4/4
  1254 | D:2      | Found a faded altar to an unknown god.
  1389 | D:2      | Noticed Robin
  1391 | D:2      | Reached ** piety under Lugonu
  1401 | D:2      | Killed Robin
  1401 | D:2      | Reached XP level 4. HP: 20/37 MP: 5/5
  1408 | D:2      | Found a white marble altar of Elyvilon.
  2158 | D:3      | Found a shattered altar of Ashenzari.
  2159 | D:3      | Noticed Jessica
  2174 | D:3      | Killed Jessica
  2237 | D:2      | Gained mutation: You sometimes gain a little power by taking damage. [demonic ancestry]
  2237 | D:2      | Reached XP level 5. HP: 8/42 MP: 6/6
  3068 | D:3      | Reached *** piety under Lugonu
  3197 | D:3      | Noticed Crazy Yiuf
  3215 | D:3      | Paralysed by Crazy Yiuf for 5 turns
  3220 | D:3      | Killed Crazy Yiuf
  3220 | D:3      | Reached skill level 3 in Armour
  3814 | D:3      | Found an oddly glowing altar of Pakellas.
  3815 | D:3      | Noticed a boulder beetle
  3833 | D:3      | Killed a boulder beetle
  3964 | D:4      | Noticed an ogre
  3976 | D:3      | Killed an ogre
  3976 | D:3      | Gained mutation: You have sharp toenails. [demonic ancestry]
  3976 | D:3      | Reached XP level 6. HP: 11/49 MP: 7/7
  4486 | D:4      | Reached skill level 4 in Armour
  5191 | D:4      | Reached XP level 7. HP: 26/55 MP: 8/8
  6201 | D:5      | Entered Level 5 of the Dungeon
  6244 | D:5      | Reached skill level 5 in Armour
  6339 | D:5      | Noticed Blork the orc
  6349 | D:6      | Reached skill level 5 in Fighting
  6359 | D:6      | Killed Blork the orc
  6416 | D:6      | Found a sparkling altar of Nemelex Xobeh.
  6441 | D:6      | Noticed schammes's ghost (novice GrFi)
  6456 | D:6      | Found a radiant altar of Vehumet.
  6698 | D:7      | Reached skill level 6 in Armour
  6698 | D:7      | Gained mutation: Your flesh is cold resistant. [demonic ancestry]
  6698 | D:7      | Reached XP level 8. HP: 41/62 MP: 9/9
  6964 | D:7      | Reached **** piety under Lugonu
  6970 | D:7      | Reached skill level 1 in Stealth
  7196 | D:6      | HP: 1/63 [ogre/giant spiked club (23)]
  7197 | D:6      | Succumbed to a worker ant's poison

Skill      XL: |  1  2  3  4  5  6  7  8 |
---------------+-------------------------+-----
Axes           | 2 3 4 |  4.3
Dodging        | 1 2 3 |  3.3
Armour         | 2 3 4 6 |  6.9
Fighting       | 4 5 |  5.4
Stealth        | 1 |  1.3
Invocations    | |  2.6

Action                   |  1- 3 |  4- 6 |  7- 9 || total
-------------------------+-------+-------+-------++-------
Melee: Hand axe          |   124 |   298 |       ||   422
       War axe           |       |    26 |   168 ||   194
Invok: Depart the Abyss  |     1 |       |       ||     1
  Use: Potion            |     1 |     6 |     1 ||     8
       Scroll            |     1 |     1 |       ||     2
 Stab: Sleeping          |       |     1 |       ||     1
  Eat: Chunk             |     2 |    13 |     8 ||    23
Armor: Leather armour    |    48 |     8 |       ||    56
       Chain mail        |       |   271 |    24 ||   295
       Plate armour      |       |       |   190 ||   190
Dodge: Dodged            |    72 |   125 |    82 ||   279
